Cogmind - Beta 16 @@@ ROGUE MODE // 2025.11.16 @ 15:19:27 Player: Naughtyusername Result: Destroyed by S-27 Virus with Autogun Performance ------------- Evolutions (3) 1500 Regions Visited (8) 1600 Robots Destroyed (105) 525 Value Destroyed (3347) 3347 Prototype IDs (10) 200 Alien Tech Used (0) 0 Bonus (613) 613 TOTAL SCORE: 7785 Bonus ------- High Alert Combat Kills 466 Follower Combat Kills 167 Friendly Fire -20 Cogmind --------- Core Integrity 0/700 Matter 298/300 Energy 98/100 System Corruption 3% Temperature Cool (0) Movement Core (50) Location -7/Factory Parts ------- > --- POWER (1) -------- (None) > --- PROPULSION (4) --- (None) > --- UTILITY (5) ------ Improved Signal Interpreter Corruption Screen > --- WEAPON (3) ------- (None) > --- INVENTORY (5) ---- Micro Nuclear Core Improved Carbon-fiber Leg Large Storage Unit Improved Sensor Array Plasma Cutter Peak State ------------ > --- POWER ------------ Deuterium Engine > --- PROPULSION ------- Carbon-fiber Leg Improved Carbon-fiber Leg Improved Carbon-fiber Leg Improved Carbon-fiber Leg > --- UTILITY ---------- Cooling System High-capacity Storage Unit Improved Targeting Computer Core Analyzer Improved Light Armor Plating > --- WEAPON ----------- Advanced Beam Cannon Advanced Beam Cannon Advanced Beam Cannon > --- INVENTORY -------- Improved Aluminum Leg Carbon-fiber Leg Carbon-fiber Leg Carbon-fiber Leg Improved Carbon-fiber Leg Improved Carbon-fiber Leg Improved Carbon-fiber Leg Large Storage Unit Machine Analyzer Improved Sensor Array Improved Signal Interpreter Seismic Detector Hardened Light Armor Plating Heavy Particle Gun Heavy Particle Gun Cooled Pulse Rifle Advanced EMP Blaster Grenade Launcher Plasma Cutter Powered Hammer [Rating: 45] Favorites ----------- Power Ion Engine Engine Ion Engine Power Core Light Nuclear Core Propulsion Aluminum Leg Treads Light Treads Leg Aluminum Leg Utility Large Storage Unit Device Seismic Detector Storage Large Storage Unit Processor Improved Targeting Computer Protection Improved Light Armor Plating Weapon Advanced Beam Cannon Energy Gun Heavy Particle Gun Energy Cannon Advanced Beam Cannon Ballistic Gun Light Assault Rifle Launcher Grenade Launcher Special Weapon Mining Laser Impact Weapon Powered Hammer Slashing Weapon Chainsword Build | -11 -10 -10 -10 -9 -8 -7 -7 -7 ------- Run | Yrd Mat Min Exi Min Mat Fac Was Fac Slots Evolved 6 | . . . . . 4 2 . . Power . | . . . . . . . . . Propulsion 2 | . . . . . 1 1 . . Utility 3 | . . . . . 2 1 . . Weapon 1 | . . . . . 1 . . . Parts Attached 74 | 7 3 3 . 6 36 13 1 5 Power 6 | 1 . 1 . . 3 1 . . Engine 5 | 1 . 1 . . 2 1 . . Core 1 | . . . . . 1 . . . Reactor . | . . . . . . . . . Propulsion 21 | 2 . 2 . 2 9 6 . . Treads 2 | 2 . . . . . . . . Leg 19 | . . 2 . 2 9 6 . . Wheel . | . . . . . . . . . Hover . | . . . . . . . . . Flight . | . . . . . . . . . Utility 18 | 2 1 . . 1 6 5 1 2 Device 6 | 1 1 . . . 1 2 . 1 Storage 3 | 1 . . . 1 . 1 . . Processor 5 | . . . . . 2 1 1 1 Hackware . | . . . . . . . . . Protection 4 | . . . . . 3 1 . . Artifact . | . . . . . . . . . Weapon 29 | 2 2 . . 3 18 1 . 3 Energy Gun 9 | . . . . 1 8 . . . Energy Cannon 4 | . . . . . 4 . . . Ballistic Gun 6 | 2 1 . . 1 2 . . . Ballistic Cannon . | . . . . . . . . . Launcher 5 | . 1 . . . 4 . . . Special Weapon 2 | . . . . 1 . . . 1 Impact Weapon 2 | . . . . . . 1 . 1 Slashing Weapon 1 | . . . . . . . . 1 Piercing Weapon . | . . . . . . . . . Special Melee Weapon . | . . . . . . . . . Unidentified Prototypes 6 | . . . . . 6 . . . Parts Lost 13 | . . 2 . 1 3 6 . 1 Power 4 | . . 1 . . 1 2 . . Propulsion 2 | . . 1 . . . 1 . . Utility 3 | . . . . . 1 2 . . Weapon 4 | . . . . 1 1 1 . 1 Highest Loss Streak 2 | . . 2 . 1 1 2 . 1 To Critical Strikes . | . . . . . . . . . Average Backups 11 | 1 4 7 7 14 14 16 5 4 Power 1 | . 1 . 1 1 2 . . . Propulsion 2 | . . 1 2 2 3 3 2 1 Utility 2 | . . 1 1 2 3 5 1 1 Weapon 4 | . 2 4 3 6 5 5 1 . Tool/Special . | . . . . . . . . . Unused Backups 18 | . . . . 1 7 7 . 3 Power 3 | . . . . . 1 1 . 1 Propulsion 5 | . . . . 1 1 2 . 1 Utility 4 | . . . . . . 3 . 1 Weapon 6 | . . . . . 5 1 . . Tool/Special . | . . . . . . . . . Average Slot Usage (%) 94 | . 91 99 97 99 99 98 3 18 Engine 9 | . 14 14 14 14 5 4 . . Core 1 | . . . . . 3 1 . . Treads 4 | . 28 4 . . . . . . Leg 22 | . . 23 28 28 27 29 . . Device 10 | . 5 14 14 14 10 8 . 1 Storage 10 | . 14 14 14 14 9 6 . . Processor 5 | . . . . . 8 12 3 13 Protection 3 | . . . . . 7 7 . . Energy Gun 6 | . . . . 12 17 . . . Energy Cannon 4 | . . . . . . 21 . . Ballistic Gun 13 | . 27 28 25 14 7 . . . Peak Build Rating 45 | 7 7 8 8 11 35 45 5 15 Average Rating 19 | 5 6 7 7 10 26 39 3 9 On Entrance 8 | . 7 7 8 8 11 32 1 5 Avg Prop Armor Cover (%) 7 | . . 7 . . . 7 . . Naked Turns 63 | . . . . . . 15 48 . Heaviest Build 68 | 11 12 14 14 32 45 68 . 3 Greatest Support 69 | 40 40 40 20 20 45 69 3 3 Greatest Overweight (x) 4 | . . 4 . 1 1 1 . . Average Overweight (x) . | . . . . . . . . . Largest Inventory Capacity 20 | 8 8 8 8 15 15 20 5 5 Average Capacity 12 | 7 8 8 8 14 15 16 5 5 Most Carried 20 | 2 6 8 8 15 15 20 5 5 Average Carried 11 | 1 4 7 7 14 14 16 5 4 Final Capacity 15 | 8 8 8 8 15 15 5 5 5 Final Carried 15 | 2 6 8 8 15 15 5 5 5 Class Distribution -------------------- 42% | Mutant 25% | Gunner 21% | Scavenger-Gunner 10% | Scavenger-Mutant Dominant Class ---------------- Mutant | -10/Materials Mutant | -10/Mines Mutant | -10/Exiles Scavenger-Mutant | -9/Mines Scavenger-Gunner | -8/Materials Gunner | -7/Factory Mutant | -7/Waste Mutant | -7/Factory Resources | -11 -10 -10 -10 -9 -8 -7 -7 -7 ----------- Run | Yrd Mat Min Exi Min Mat Fac Was Fac Matter Collected 2371 | 304 134 174 . 176 1068 454 . 61 Remotely . | . . . . . . . . . Salvage Created 3596 | 126 227 183 . 96 2002 901 . 61 Parts 192 | 9 14 10 . 4 106 48 . 1 Haulers Intercepted 10 | . . . . . 6 4 . . Recyclers Shooed 3 | 1 1 . . . . 1 . . Parts Field Recycled . | . . . . . . . . . Retrieved Matter . | . . . . . . . . . Parts Self-Destructed . | . . . . . . . . . Prevented . | . . . . . . . . . Parts Restored . | . . . . . . . . . Kills | -11 -10 -10 -10 -9 -8 -7 -7 -7 ------- Run | Yrd Mat Min Exi Min Mat Fac Was Fac Combat Hostiles Destroyed 79 | . 9 8 . 2 43 14 . 3 Melee 4 | . . . . . . 2 . 2 Guns 35 | . 6 4 . 2 23 . . . Cannons 8 | . . . . . . 8 . . AOE 27 | . 3 4 . . 19 1 . . Classes Destroyed 14 | 2 3 . . . 6 3 . . Worker 1 | . . . . . 1 . . . Builder 2 | . . . . . 1 1 . . Tunneler 4 | 3 . . . . 1 . . . Hauler 10 | . . . . . 6 4 . . Recycler 1 | 1 . . . . . . . . Operator 4 | . . . . . 2 2 . . Watcher 4 | . 1 . . . 3 . . . Swarmer 19 | . 6 4 . . 6 . . 3 Grunt 45 | . 3 4 . 2 27 9 . . Brawler 1 | . . . . . 1 . . . Protector 1 | . . . . . . 1 . . Sentry 11 | . . . . . 9 2 . . Hunter 1 | . . . . . . 1 . . Programmer 1 | . . . . . . 1 . . Best Kill Streak 9 | 2 3 3 . 2 9 3 . 3 Combat Bots Only 8 | . 3 3 . 2 8 3 . 3 Max Kills in Single Turn 4 | 1 2 3 . 1 4 1 . 1 Gunslinging . | . . . . . . . . . Exploded 3 | . 1 3 . . 3 1 . . Melee 1 | . . . . . . 1 . 1 Uniques/NPCs Destroyed . | . . . . . . . . . Combat | -11 -10 -10 -10 -9 -8 -7 -7 -7 -------- Run | Yrd Mat Min Exi Min Mat Fac Was Fac Hostile Shots Fired 429 | . 44 22 . 24 165 118 . 56 Missed 121 | . 7 7 . 3 58 30 . 16 Hits 308 | . 37 15 . 21 107 88 . 40 Projectile 308 | . 37 15 . 21 107 88 . 40 AOE 1 | . . . . . . 1 . . Critical Strikes 9 | . 1 . . . 7 . . 1 Damage Taken 4577 | . 376 217 . 212 1596 1584 . 592 Core 1037 | . 68 24 . 51 192 260 . 442 Absorbed by Shields . | . . . . . . . . . Ignored by Resistances 60 | . . . . . 60 . . . Core Remaining (%) 69 | 100 . . . 42 65 . . . Volleys Fired 230 | 17 34 14 . 7 106 52 . . Largest 3 | 2 2 2 . 2 3 3 . . Hottest 210 | 40 40 40 . 100 210 204 . . Shots Fired 590 | 34 65 25 . 12 300 154 . . Gun 402 | 34 61 22 . 11 274 . . . Cannon 154 | . . . . . . 154 . . Launcher 27 | . 4 3 . . 20 . . . Special 7 | . . . . 1 6 . . . Kinetic 220 | 34 61 22 . 5 98 . . . Thermal 343 | . . . . 7 182 154 . . Explosive 23 | . 4 3 . . 16 . . . Electromagnetic 4 | . . . . . 4 . . . Robot Hit Streak 18 | 9 13 15 . 5 18 18 . . Robot Miss Streak 4 | 1 3 1 . 3 4 4 . . Penetration Max . | . . . . . . . . . Secondary Targets 3 | . 1 . . . 2 . . . Max Gunslinging Chain 1 | . 1 . . . 1 . . . Shots Hit Robots 400 | 24 39 21 . 6 194 107 . 9 Core Hits 199 | 6 23 13 . 4 111 42 . . Critical Kills 4 | . . . . . 2 2 . . Critical Parts Destroyed 3 | 1 . . . . . 2 . . Critical Strikes 11 | 1 . . . . 6 4 . . Burn 4 | . . . . . 4 . . . Meltdown 2 | . . . . . . 2 . . Destroy 3 | 1 . . . . 2 . . . Smash 2 | . . . . . . 2 . . Melee Attacks 32 | . . . . . . 15 . 17 Impact 31 | . . . . . . 15 . 16 Slashing 1 | . . . . . . . . 1 Piercing . | . . . . . . . . . Sneak Attacks . | . . . . . . . . . Combat Hostiles . | . . . . . . . . . Follow-up Attacks . | . . . . . . . . . Damage Inflicted 9670 | 206 437 560 . 103 5436 2496 . 432 Guns 4130 | 206 303 205 . 97 3319 . . . Cannons 2147 | . . . . . . 2147 . . Explosions 2642 | . 124 343 . . 2049 126 . . Melee 584 | . . . . . . 152 . 432 Ramming 143 | . 10 12 . 6 44 71 . . Kinetic 1830 | 206 303 205 . 68 1048 . . . Thermal 4604 | . . 60 . 29 2295 2220 . . Explosive 2188 | . 124 283 . . 1728 53 . . Electromagnetic 321 | . . . . . 321 . . . Impact 584 | . . . . . . 152 . 432 Slashing . | . . . . . . . . . Piercing . | . . . . . . . . . Highest Corruption 3 | . 2 2 2 2 . 3 3 3 Average Corruption 2 | . 2 2 2 2 . 2 3 3 Corruption Purged . | . . . . . . . . . Corruption Blocked . | . . . . . . . . . Effects 39 | . 1 6 5 12 . 11 1 3 Message Errors 11 | . . 2 2 4 . 3 . . Matter Fused 9 | . . . 2 4 . 2 . 1 Heat Flow Errors 4 | . . . . 1 . 3 . . Energy Discharges 5 | . . 2 1 1 . 1 . . Data Loss (minor) 4 | . . 2 . 1 . . . 1 Misfires 2 | . 1 . . . . 1 . . Alerts 2 | . . . . . . . 1 1 Weapon Failures 2 | . . . . 1 . 1 . . Overload Shots . | . . . . . . . . . Overflow Damage 354 | . . 48 . . 26 114 . 166 Projectiles 38 | . . . . . . 38 . . Explosions 74 | . . 48 . . 26 . . . Melee 242 | . . . . . . 76 . 166 Knockbacks 3 | . . 1 . 1 . 1 . . Impact 3 | . . 1 . 1 . 1 . . Kinetic . | . . . . . . . . . Secondary . | . . . . . . . . . Self-Inflicted Damage 114 | . . 39 . . 45 30 . . Shots 5 | . . 2 . . 2 1 . . Rammed 3 | . 3 . . . . . . . Targets Rammed 26 | . 3 4 . 2 10 7 . . Kicked 23 | . . 4 . 2 10 7 . . Crushed . | . . . . . . . . . Highest Temperature 423 | . 36 9 . 256 226 423 . . Average Temperature 88 | . 15 4 . 69 49 134 . . Received Heat Transfer 1677 | . 129 90 . 57 918 483 . . Effects 3 | . . . . . . 3 . . Energy Bleed 1 | . . . . . . 1 . . Interference 2 | . . . . . . 2 . . Siege Activations . | . . . . . . . . . Martial Activations . | . . . . . . . . . Shielding Activations . | . . . . . . . . . Robots Disrupted . | . . . . . . . . . Combat Hostiles . | . . . . . . . . . Robots Corrupted 1 | . . . . . . . . 1 Combat Hostiles 1 | . . . . . . . . 1 Parts Fried 7 | . . . . . 3 1 . 3 Impact Corruptions 9 | . . . . . . 3 . 6 Robots Melted 4 | . . . . . 1 3 . . Combat Hostiles 4 | . . . . . 1 3 . . Parts Melted 19 | . . . . . 12 7 . . Heat Transferred 8514 | . . 100 . 74 4786 3554 . . Parts Sabotaged . | . . . . . . . . . Parts Stolen . | . . . . . . . . . Parts Stripped . | . . . . . . . . . Power Chain Reactions . | . . . . . . . . . Alert | -11 -10 -10 -10 -9 -8 -7 -7 -7 ------- Run | Yrd Mat Min Exi Min Mat Fac Was Fac Maximum Alert Level 3 | . . . . . 3 2 1 1 Low Security (%) 58 | 100 100 100 . 100 38 . 82 94 Level 1 7 | . . . . . 14 12 17 5 Level 2 32 | . . . . . 41 87 . . Level 3 1 | . . . . . 6 . . . Level 4 . | . . . . . . . . . Level 5 . | . . . . . . . . . High Security . | . . . . . . . . . Max Security . | . . . . . . . . . Peak Influence 891 | 5 78 118 . 42 891 609 200 205 Initial 401 | . . . . . . 401 200 105 Average 235 | . 32 33 . 4 354 499 175 107 Influence Increases 3097 | 20 301 317 . 63 1453 783 . 160 Destroy 0b10 Robot/C 1700 | . 180 200 . 40 860 360 . 60 Destroy 0b10 Robot/NC 135 | 20 5 . . . 70 40 . . Destroy Leader 426 | . 42 40 . 10 228 96 . 10 Allied During Kill 40 | . . 17 . . . 23 . . Successful Hack 152 | . 36 . . 12 42 62 . . Select Force Hacks 90 | . 30 . . . 60 . . . Disable Machine 195 | . . 30 . . 75 75 . 15 Destroy Structure 164 | . 8 30 . 1 88 37 . . Partial Spotted 15 | . . . . . 15 . . . Lose Combat Pursuer 180 | . . . . . 15 90 . 75 Influence Decreases 2902 | 20 300 318 . 62 571 1092 424 115 Entered New Map 903 | . . 1 . . 1 482 374 45 Time Decay 1819 | 20 300 277 . 62 540 510 50 60 Lost Part 120 | . . 20 . . 30 60 . 10 Lost Ally 60 | . . 20 . . . 40 . . Squads Dispatched 18 | . 2 . . . 10 6 . . Investigation 5 | . 1 . . . 4 . . . Extermination 1 | . . . . . . 1 . . Reinforcement 10 | . 1 . . . 6 3 . . Assault 2 | . . . . . . 2 . . Garrison . | . . . . . . . . . Intercept . | . . . . . . . . . Searches Triggered . | . . . . . . . . . Construction Impeded 2 | . . . . . 2 . . . Haulers Reinforced . | . . . . . . . . . Active Scanning Responses . | . . . . . . . . . Cargo Convoy Interrupts 1 | . . . . . . 1 . . Stealth | -11 -10 -10 -10 -9 -8 -7 -7 -7 --------- Run | Yrd Mat Min Exi Min Mat Fac Was Fac Distress Signals 6 | . . . . . 6 . . . Communications Jammed . | . . . . . . . . . Distress Signals . | . . . . . . . . . Times Spotted 138 | . 16 10 . 7 56 33 6 10 Peak Tracking Total 7 | . 3 3 . 3 7 6 6 7 Tactical Retreats 6 | . . . . . 1 3 . 2 Traps | -11 -10 -10 -10 -9 -8 -7 -7 -7 ------- Run | Yrd Mat Min Exi Min Mat Fac Was Fac Traps Triggered 5 | . 2 . . . 2 1 . . Indirectly . | . . . . . . . . . Trap Hack Attempts . | . . . . . . . . . Triggered . | . . . . . . . . . Disarmed . | . . . . . . . . . Reprogrammed . | . . . . . . . . . Reused . | . . . . . . . . . Traps Extracted . | . . . . . . . . . Installed . | . . . . . . . . . Triggered . | . . . . . . . . . Machines | -11 -10 -10 -10 -9 -8 -7 -7 -7 ---------- Run | Yrd Mat Min Exi Min Mat Fac Was Fac Machines Disabled 13 | . . 2 . . 5 5 . 1 Max in Single Turn 4 | . . 2 . . 1 4 . 1 Machines Repaired . | . . . . . . . . . Machines Dismantled . | . . . . . . . . . Machines Sabotaged . | . . . . . . . . . Overloaded Fab Kills . | . . . . . . . . . Hacking | -11 -10 -10 -10 -9 -8 -7 -7 -7 --------- Run | Yrd Mat Min Exi Min Mat Fac Was Fac Machines Accessed 37 | . 9 . 1 2 13 11 . 1 Terminals 25 | . 7 . . 2 9 6 . 1 Fabricators 1 | . . . . . . 1 . . Repair Stations . | . . . . . . . . . Recycling Units 6 | . 2 . . . 2 2 . . Scanalyzers 2 | . . . . . 1 1 . . Garrison Access 2 | . . . . . 1 1 . . Total Hacks 104 | . 34 . 1 6 42 19 . 2 Successful 48 | . 17 . 1 4 18 7 . 1 Failed 55 | . 16 . . 2 24 12 . 1 Catastrophic 8 | . 4 . . . 2 2 . . Database Lockouts 1 | . 1 . . . . . . . Manual 70 | . 29 . . 8 27 4 . 2 Terminals 73 | . 29 . . 6 28 8 . 2 Fabricators 4 | . . . . . . 4 . . Repair Stations . | . . . . . . . . . Recycling Units 14 | . 5 . . . 6 3 . . Scanalyzers 6 | . . . . . 4 2 . . Garrison Access 6 | . . . . . 4 2 . . Terminal Hacks 19 | . 7 . 1 4 5 1 . 1 Record 1 | . . . 1 . . . . . Robot Analysis 7 | . 3 . . 4 . . . . Prototype ID Bank 2 | . . . . . 2 . . . Branch Access Points 1 | . . . . . . 1 . . Terminal Index 2 | . 1 . . . . . . 1 Locate Traps 1 | . . . . . 1 . . . Hauler Manifests 3 | . 2 . . . 1 . . . Registered Components 1 | . 1 . . . . . . . Zone Layout 1 | . . . . . 1 . . . Fabricator Hacks 1 | . . . . . . 1 . . Network Status 1 | . . . . . . 1 . . Repair Station Hacks . | . . . . . . . . . Recycling Unit Hacks 3 | . 1 . . . 1 1 . . Retrieve Components 3 | . 1 . . . 1 1 . . Scanalyzer 5 | . . . . . 4 1 . . Insert Component 2 | . . . . . 2 . . . Analyze 2 | . . . . . 2 . . . Retrieve Study 1 | . . . . . . 1 . . Garrison Access Hacks . | . . . . . . . . . Unauthorized Hacks 20 | . 9 . . . 8 3 . . Terminals 14 | . 8 . . . 6 . . . Botnet 3 | . 2 . . . 1 . . . Operators 1 | . 1 . . . . . . . Skim 10 | . 5 . . . 5 . . . Fabricators 2 | . . . . . . 2 . . Liberate 1 | . . . . . . 1 . . Haulers 1 | . . . . . . 1 . . Repair Stations . | . . . . . . . . . Recycling Units 4 | . 1 . . . 2 1 . . Recyclers 1 | . . . . . . 1 . . Tunnel 3 | . 1 . . . 2 . . . Scanalyzers . | . . . . . . . . . Garrison Access . | . . . . . . . . . Data Cores Recovered 3 | . . . . . 2 1 . . Used 1 | . . . . . . 1 . . Hacking Detections 35 | . 9 . . 2 12 11 . 1 Full Trace Events 3 | . 1 . . . 2 . . . Feedback Events . | . . . . . . . . . Feedback Blocked . | . . . . . . . . . Robot Schematics Acquired . | . . . . . . . . . Robots Built . | . . . . . . . . . Authchips . | . . . . . . . . . Time . | . . . . . . . . . Total Robot Build Rating . | . . . . . . . . . Part Schematics Acquired 2 | . . . . . 2 . . . Parts Built . | . . . . . . . . . Authchips . | . . . . . . . . . Time . | . . . . . . . . . Total Part Build Rating . | . . . . . . . . . Part Studies Acquired 1 | . . . . . . 1 . . Parts Repaired . | . . . . . . . . . Time . | . . . . . . . . . Parts Recycled . | . . . . . . . . . Recycled Matter . | . . . . . . . . . Retrieved Matter . | . . . . . . . . . Retrieved Components 14 | . 5 . . . 9 . . . Parts Scanalyzed 2 | . . . . . 2 . . . Part Schematics Acquired 2 | . . . . . 2 . . . Parts Damaged . | . . . . . . . . . Bothacking | -11 -10 -10 -10 -9 -8 -7 -7 -7 ------------ Run | Yrd Mat Min Exi Min Mat Fac Was Fac Used RIF Installer . | . . . . . . . . . Robots Hacked . | . . . . . . . . . Non-combat . | . . . . . . . . . Combat . | . . . . . . . . . Robot Hacks Applied . | . . . . . . . . . Relay Couplers Released . | . . . . . . . . . Fabnet Peak Effective % . | . . . . . . . . . Robots Rewired . | . . . . . . . . . Allies Hacked . | . . . . . . . . . Hacks Repelled . | . . . . . . . . . Allies | -11 -10 -10 -10 -9 -8 -7 -7 -7 -------- Run | Yrd Mat Min Exi Min Mat Fac Was Fac Total Allies 8 | . . 5 . . . 3 . . Largest Group 3 | . . 3 2 . . 3 . . Highest-Rated Group 50 | . . 50 50 . . 48 . . Highest-Rated Ally 31 | . . 31 31 . . 16 . . Total Orders . | . . . . . . . . . Ally Attacks 57 | . . 18 . . . 39 . . Total Damage 493 | . . 163 . . . 330 . . Kills 8 | . . 2 . . . 6 . . Allies Corrupted . | . . . . . . . . . Allies Melted . | . . . . . . . . . Intel | -11 -10 -10 -10 -9 -8 -7 -7 -7 ------- Run | Yrd Mat Min Exi Min Mat Fac Was Fac Active Infowar (turns) 3333 | 27 345 541 430 741 504 729 . 16 Sensors 16 | . . . . . . . . 16 Seismic 3317 | 27 345 541 430 741 504 729 . . Robot Analysis Total 7 | . 3 . . 4 . . . . Derelict Logs Recovered 4 | . . 2 . 2 . . . . Drone Launches . | . . . . . . . . . Drone Recoveries . | . . . . . . . . . Exploration | -11 -10 -10 -10 -9 -8 -7 -7 -7 ------------- Run | Yrd Mat Min Exi Min Mat Fac Was Fac Turns Passed 6663 | 174 859 893 430 764 1902 1395 115 131 Spaces Moved 3945 | 77 446 626 274 393 880 905 196 148 Core 380 | 4 . 1 . . . 31 196 148 Treads 589 | 73 446 70 . . . . . . Legs 2976 | . . 555 274 393 880 874 . . Wheels . | . . . . . . . . . Hover . | . . . . . . . . . Flight . | . . . . . . . . . Fastest Speed 50 | 50 160 120 120 120 120 50 50 50 Average Speed 131 | 154 160 124 120 180 156 108 50 50 Slowest Speed 250 | 160 160 250 120 190 190 190 50 50 Overloaded Moves . | . . . . . . . . . Propulsion Burnouts . | . . . . . . . . . Robots Hopped . | . . . . . . . . . Potential Cave-ins 6 | . . . . . . 6 . . Cave-ins Triggered 1 | . . . . . . 1 . . Exploration Rate (%) 60 | 5 94 82 61 96 89 28 87 6 Regions Visited 8 Branch Regions 3 Pre-discovered Areas 6 | . 1 3 . . 2 . . . Known Exits Taken 2 | . . 1 . . 1 . . . Unknown Exits Taken 4 | 1 1 . 1 1 . . . . Scrap Searched 2 | . . 1 . 1 . . . . Spaces Dug 44 | . . 17 . 1 16 10 . . Terrain Destroyed 216 | . 7 36 . 1 128 44 . . Melee 10 | . . . . . . 10 . . Projectile 6 | . . . . 1 5 . . . AOE 200 | . 7 36 . . 123 34 . . Terrain Rammed . | . . . . . . . . . Walls Destroyed . | . . . . . . . . . Machines Disabled . | . . . . . . . . . Actions | -11 -10 -10 -10 -9 -8 -7 -7 -7 --------- Run | Yrd Mat Min Exi Min Mat Fac Was Fac Total 4870 | 102 536 711 376 435 1156 1166 211 177 Wait 388 | . 38 54 94 11 44 132 15 . Move 3937 | 76 445 625 273 392 879 904 195 148 Hop . | . . . . . . . . . Pick Up 51 | 2 3 4 1 9 16 13 . 3 Fast Attach 27 | 7 3 1 2 1 9 1 1 2 Attach 18 | . 3 1 1 . 6 5 . 2 Detach 8 | . 3 . 2 . 2 . . 1 Swap 104 | . 4 7 . 8 56 28 . 1 Drop 48 | . . 1 3 5 28 8 . 3 Fire 230 | 17 34 14 . 7 106 52 . . Melee 32 | . . . . . . 15 . 17 Ram . | . . . . . . . . . Kick 23 | . . 4 . 2 10 7 . . Crush 3 | . 3 . . . . . . . Escape Stasis 1 | . . . . . . 1 . . Rewire . | . . . . . . . . . Trap . | . . . . . . . . . Miscellaneous . | . . . . . . . . . Route ------- -11/Scrapyard -10/Materials (discovered 5 exits: [*Mat x2] / [*Min x2] / *Sub) -10/Mines (discovered 4 exits: [*Mat x2] / *Exi / *Sub) -10/Exiles (discovered 2 exits: *Min x2) -9/Mines (discovered 2 exits: *Mat x2) -8/Materials (discovered 3 exits: *Fac x3) -7/Factory (discovered 4 exits: *Sto x2 / *Low x2) -7/Waste -7/Factory (discovered 1 exit: *Low) History --------- Turn | Location | Event 14 | -11/Scrapyard | Discovered new exit (range 15) 175 | -11/Scrapyard | Entered Materials 311 | -10/Materials | Build established: Mutant 426 | -10/Materials | Discovered new exit (range 16) 539 | -10/Materials | Discovered new exit (range 5) 555 | -10/Materials | Central database locked down 610 | -10/Materials | Learned 4 Recycling zone layouts 648 | -10/Materials | Discovered new exit (range 9) 694 | -10/Materials | Learned Storage security intel 749 | -10/Materials | Learned 2 Mines zone layouts 770 | -10/Materials | Loaded intel: 35 machine locations 802 | -10/Materials | Learned location of 2 exits from Subcaves 844 | -10/Materials | Discovered new exit (range 6) 846 | -10/Materials | Identified exit to Subcaves 1034 | -10/Materials | Entered Mines 1035 | -10/Mines | Identified exit to Exiles 1038 | -10/Mines | Assisted by bots powering up and referring to "LRC-V3" 1499 | -10/Mines | Discovered new exit (range 4) 1549 | -10/Mines | Learned location of Zion (-7) 1563 | -10/Mines | Discovered exit to Subcaves (range 6) 1596 | -10/Mines | Deemed a non-threat by the Exiles lab entrance 1740 | -10/Mines | Discovered new exit (range 3) 1741 | -10/Mines | Learned location of Storage (-7) 1927 | -10/Mines | Entered Exiles 1927 | -10/Exiles | Found Exiles lab abandoned 1927 | -10/Exiles | Accompanied by 2 allies 1946 | -10/Exiles | Discovered new exit (range 15) 1957 | -10/Exiles | Led the pair of lost Derelicts to a safe place 2253 | -10/Exiles | Discovered new exit (range 10) 2357 | -10/Exiles | Entered Mines 2364 | -9/Mines | Discovered new exit (range 13) 2404 | -9/Mines | Joined a pair of Derelicts in attacking an 0b10 outpost 2605 | -9/Mines | Learned 8 Materials zone layouts 2716 | -9/Mines | Build established: Scavenger-Mutant 2738 | -9/Mines | Discovered new exit (range 7) 2960 | -9/Mines | Learned Materials interactive machine intel 3119 | -9/Mines | Core integrity fell below 50% 3121 | -9/Mines | Entered Materials 3121 | -8/Materials | Evolved 4 slots: Propulsion x1, Utility x2, Weapon x1 3122 | -8/Materials | Identified exit to Factory 3123 | -8/Materials | Loaded intel: 19 interactive machine locations 3428 | -8/Materials | Build established: Scavenger-Gunner 3843 | -8/Materials | Discovered exit to Factory (range 15) 3881 | -8/Materials | Learned Factory trap positions 4027 | -8/Materials | Learned Factory emergency access door positions 4085 | -8/Materials | Learned Factory terminal intel 4133 | -8/Materials | Learned location of 1 exit from Storage 4156 | -8/Materials | Destroyed 7 combat bots 4172 | -8/Materials | Learned location of 1 exit from Storage 4200 | -8/Materials | Learned Factory stockpile data 4239 | -8/Materials | Learned location of 1 exit from Extension 4416 | -8/Materials | Learned 4 Recycling zone layouts 4497 | -8/Materials | Build established: Gunner 4972 | -8/Materials | Destroyed 8 combat bots 5023 | -8/Materials | Entered Factory 5023 | -7/Factory | Evolved 2 slots: Propulsion x1, Utility x1 5024 | -7/Factory | Identified exit to Storage 5025 | -7/Factory | Loaded intel: 102 trap records 5028 | -7/Factory | Loaded intel: 26 terminal locations 5167 | -7/Factory | Identified exit to Lower Caves 5423 | -7/Factory | First assault squad dispatched 5749 | -7/Factory | Crushed by falling debris 6212 | -7/Factory | Cargo convoy interrupted 6403 | -7/Factory | Released all parts (10) 6418 | -7/Factory | Sucked down chute 6418 | -7/Factory | Entered Waste 6444 | -7/Waste | Spotted C-40 Crusher 6450 | -7/Waste | Spotted C-40 Crusher 6450 | -7/Waste | Spotted C-40 Crusher 6462 | -7/Waste | Spotted C-40 Crusher 6490 | -7/Waste | Spotted C-40 Crusher 6490 | -7/Waste | Spotted C-40 Crusher 6504 | -7/Waste | Discovered new exit (range 16) 6533 | -7/Waste | Entered Factory 6582 | -7/Factory | Discovered exit to Lower Caves (range 8) 6635 | -7/Factory | Core integrity fell below 50% 6641 | -7/Factory | Build established: Mutant 6655 | -7/Factory | Core integrity fell below 20% 6664 | -7/Factory | Destroyed by S-27 Virus with Autogun Last Messages --------------- 06637_ S-27 Virus system corrupted by crushing effect. 06643_ S-27 Virus misfires. 06648_ Destroyed VTOL Module. 06648_ S-27 Virus system corrupted by crushing effect. 06648_ VTOL Module fried. 06648_ S-27 Virus destroyed. 06657_ Destroyed VTOL Module. 06657_ S-27 Virus system corrupted by crushing effect. 06657_ VTOL Module fried. 06657_ Lgt. Nuclear Core fried. 06657_ S-27 Virus destroyed. 06659_ Acquired 61 matter. 06660_ Destroyed VTOL Module. 06660_ S-27 Virus system corrupted by crushing effect. 06662_ K-01 Serf collects debris. 06664_ Powered Hammer destroyed. Map ----- +----------------------------------------------------+ | ?????????????????????????????????????????????????? | | ?????????????????????????????????????????????????? | | ?????????????????????????????????????????????????? | | ?????????????????????????????????????????????????? | | ?????????????????????????????????????????????????? | | ?????????????????????????????????????????????????? | | ?????????????????????????????????????????????????? | | ?????????????????????????????????????????????????? | | ?????????????????????????????????????????????????? | | ?????????????????????????????????????????????????? | | ?????????????????????????????????????????????????? | | ????????????????????????? ???????????????????????? | | ?????????????????????????+??#####????????????????? | | ????????????????????????? ??+ ! ????????? ?###### | | ????????????????????????? ??# ""???????? ?# | | ????????????????????????? ??# """ ?????? ?# | | ????????????????????????? ??# """ ""???? ?# | | ????????????????????????# #?# ??? ?# | | ????????????????????????# #?# """ ""???? ?# | | ????????????????????????# #?# """ """??? ?# | | ????????????????????????# #?# ! """ """??# ## | | ????????????????????????# #?# ??# ## | | ???????????????????????? k#?# """ ""???# ## | | ????????????????????????# #?# """ ""???# ## | | ????????????????????????# #?# """ """ ## ## | | ??????????????????????###@### ## ## | | ?????????????????###### s[ ##+########### ####### | | ?????????????????# # sss #?????? | | ?????????????????# # ######### ###???? | | ?????????????????# # / #?????# ####? | | ?????????????????# [ # #?????# #T ## | | ?????????????????# ###### #?????# > | | ?????????????????# + #?????# ##### | | ?????????????????# ############?????# #???? | | ?????????????????# #????????????????#######???? | | ?????????????????# ???????????????????????????? | | ?????????????????#####???????????????????????????? | | | | | | | | | | | | | | | | | | | | | | | | | | | +----------------------------------------------------+ Best States ------------- Heat Dissipation 56 Coolant Potential 50 Energy Generation 14 Energy Capacity 275 Matter Stores 300 Matter Capacity 300 Sight Range 16 Robot Scan Range 15 Terrain Scan Density 10 Corruption Block 5 Armor Coverage 300 Resistance: TH 10 Evasion (%) 55 Targeting Accuracy 6 Core Analysis 6 Recoil Reduction 2 Item Schematics ----------------- Plasma Cutter | -8/Materials | Scanalyzed Hcp. Storage Unit | -8/Materials | Scanalyzed Robot Schematics ------------------ None Fabricated ------------ Nothing Repaired ---------- Nothing Studied --------- Carbon-fiber Leg | -7/Factory | Hacked Alien Tech Used ----------------- None Achievements -------------- None Challenges ------------ None Game ------ Seed SubdwellerGodDisplacer Manual? 0 Play Time 00:55:01 Cumulative 576.0 hours Start 2025.11.16 @ 07:31:52 End 2025.11.16 @ 15:19:27 Sessions 2 Manual Loads 0 Difficulty Rogue Special Mode None Game No. 303 Rogue 303 Adventurer 0 Explorer 0 Win Type - Total 28 Types 14/2/7/1/0/0/1/1/1/1 Lore% 94 Gallery% 89 Achievement% 81 Wizard Run 0 Options --------- Layout 2 ASCII 1 Keyboard 1 Movement Vi Keybinds 0 Fullscreen 1 Font 28/Terminus Map View 50x52 Zoom Use 0% Tactical HUD 1 Map Filters NONE Filters NONE Steam 1 RUN: 94e0f305-602d-474e-b9b6-04ad70d20677